 Dungeon Crawl Stone Soup version 0.16.1-30-g34a7ffa (webtiles) character file.

12366 Yawgmoth the Geomancer (level 11, -9/64 HPs)
             Began as a Gargoyle Earth Elementalist on June 13, 2015.
             Was a High Priest of Vehumet.
             Mangled by an orc knight
             ... wielding a +0 glaive
              (10 damage)
             ... in a bailey.
             The game lasted 02:17:31 (14328 turns).

Yawgmoth the Geomancer (GrEE)                      Turns: 14328, Time: 02:17:31

Health: -9/64      AC: 27    Str: 11    XL:     11   Next: 92%
Magic:  6/31       EV:  9    Int: 20    God:    Vehumet [*****.]
Gold:   792        SH:  0    Dex: 10    Spells: 6 memorised, 12 levels left

rFire  . . .     SeeInvis +     b - potion of haste {unknown}
rCold  . . .     Clarity  .     B - +4 scale mail
rNeg   + . .     SustAb   .     (no shield)
rPois  ∞         Gourm    +     j - +0 helmet
rElec  +         Spirit   .     t - +2 cloak
rCorr  .         Warding  .     W - +0 pair of gloves
rMut   .         Stasis   .     r - +0 pair of boots
MR     .....                    T - amulet of the gourmand
Stlth  ..........               (no ring)
                                A - ring of wizardry

@: stone skin, not resistant to hostile enchantments, extremely unstealthy
A: see invisible, negative energy resistance 1, electricity resistance,
unbreathing, petrification resistance, rot immunity, AC +7
a: Renounce Religion


You were in a bailey.
You worshipped Vehumet.
Vehumet was extremely pleased with you.
You were very full.

You visited 1 branch of the dungeon, and saw 11 of its levels.
You also visited: Bailey.

You collected 792 gold pieces.

Inventory:

Hand weapons
 M - a +1 quarterstaff of venom
 Y - a +2 hunting sling of evasion
Missiles
 i - 2 throwing nets
 s - 23 sling bullets
 V - 80 stones (quivered)
Armour
 j - a +0 helmet (worn)
 r - a +0 pair of boots (worn)
 t - a +2 cloak (worn)
 v - a +2 robe of fire resistance
 B - a +4 scale mail (worn)
 W - a +0 pair of gloves (worn)
Jewellery
 A - a ring of wizardry (left hand)
 J - an uncursed ring of teleportation
 L - the amulet "Ingom" {Faith rC+}
   (You found it on level 11 of the Dungeon)

   [amulet of faith]

   It allows you to gain divine favour quickly.
   It protects you from cold.
 T - an amulet of the gourmand (around neck)
Magical devices
 C - a wand of slowing (17)
Scrolls
 e - 2 scrolls of identify
 f - 3 scrolls of enchant weapon
 g - 2 scrolls of enchant armour
 l - 8 scrolls of recharging
 p - 3 scrolls of amnesia
 q - 2 scrolls of remove curse
 y - 5 scrolls of magic mapping
Potions
 b - a potion of haste (in hand) {unknown}
 h - 3 potions of agility
 m - 6 potions of might
 n - 2 potions of cancellation {unknown}
 o - 2 potions of brilliance {unknown}
 w - 3 potions of cure mutation
 D - a potion of restore abilities {unknown}
 E - 2 potions of beneficial mutation {unknown}
 G - a potion of resistance {unknown}
 I - 2 potions of ambrosia {unknown}
 K - 7 potions of curing
 P - 2 potions of berserk rage {unknown}
 S - a potion of heal wounds {unknown}
 U - a potion of experience {unknown}
Books
 c - a book of Hinderance

   Spells                             Type                      Level
   a - Confusing Touch                Hexes                        2
   b - Confuse                        Hexes                        3
   c - Petrify                        Transmutation/Earth          4
   d - Metabolic Englaciation         Hexes/Ice                    5
   e - Gell's Gravitas                Hexes/Translocation          5
   f - Summon Mana Viper              Hexes/Summoning              5
 d - a book of Geomancy

   Spells                             Type                      Level
   a - Sandblast                      Earth                        1
   b - Stoneskin                      Transmutation/Earth          2
   c - Passwall                       Transmutation/Earth          3
   d - Stone Arrow                    Conjuration/Earth            3
   e - Petrify                        Transmutation/Earth          4
   f - Lee's Rapid Deconstruction     Earth                        5
 O - a book of the Dragon

   Spells                             Type                      Level
   a - Flight                         Charms/Air                   3
   b - Cause Fear                     Hexes                        4
   c - Bolt of Fire                   Conjuration/Fire             6
   d - Dragon Form                    Transmutation                7
   e - Dragon's Call                  Summoning                    9
 Z - a book of the Warp

   Spells                             Type                      Level
   a - Recall                         Summoning/Translocation      3
   b - Control Teleport               Charms/Translocation         4
   c - Force Lance                    Conjuration/Translocation    4
   d - Phase Shift                    Translocation                5
   e - Warp Weapon                    Charms/Translocation         5
   f - Gell's Gravitas                Hexes/Translocation          5
   g - Summon Forest                  Summoning/Translocation      5
Miscellaneous
 z - a plain deck of defence
Comestibles
 a - 5 bread rations
 k - 6 fruits
 x - 6 meat rations
 H - 2 royal jellies
 N - 2 beef jerkies
 R - 2 slices of pizza


   Skills:
 + Level 5.6 Fighting
   Level 0.1 Short Blades
 - Level 1.9 Dodging
 - Level 2.3 Stealth
 + Level 11.4 Spellcasting
 - Level 0.7 Transmutations
 + Level 14.8 Earth Magic
 - Level 1.8 Evocations


You had 12 spell levels left.
You knew the following spells:

 Your Spells              Type           Power        Failure   Level  Hunger
a - Sandblast             Erth           ######       1%          1    None
b - Stoneskin             Trmt/Erth      #####...     1%          2    None
c - Stone Arrow           Conj/Erth      #####.       1%          3    None
d - Lee's Rapid Deconstr  Erth           ######....   1%          5    ####...
e - Petrify               Trmt/Erth      #####...     7%          4    ##.....
f - Bolt of Magma         Conj/Fire/Erth ####......   32%         5    ####...


Dungeon Overview and Level Annotations

Branches:
Dungeon (11/15)            Temple (0/1) D:4            Lair (0/8) D:9
    Orc: D:9-12

Altars:
Cheibriados
Elyvilon
Kikubaaqudgha
Vehumet
Xom
Yredelemnul
Zin


Innate Abilities, Weirdness & Mutations

You are resistant to torment.
You are immune to poison.
Your stone body is very resilient (AC +7).
You resist negative energy.
You are resistant to electric shocks.
You can survive without breathing.
You are immune to petrification.
You are immune to rotting.
You have supernaturally acute eyesight.


Message History

The orc warrior hits you from afar with a glaive!
* * * LOW HITPOINT WARNING * * *
Found three items.
Found 2 scrolls labeled SHROYR NICO.
An orc knight comes into view. It is wielding a halberd.
An orc knight comes into view. It is wielding a trident.
The orc knight shouts!
Found a gate leading back out of this place.
Press: ? - help, v - describe, . - travel, g - get item A scroll labeled SHROYR NICO.
The floor.
Unknown command.
Read which item? (? for menu, Esc to quit)
As you read the scroll labeled IFAF ITUZISM, it crumbles to dust.
It is a scroll of brand weapon.
Brand which weapon? (? for menu, Esc to quit)
Your +1 quarterstaff of protection drips with poison.
M - a +1 quarterstaff of venom The orc knight hits you from afar with a glaive!
You die...

###****
##..∩..**
#....o..*
#o.???..#
#..???..#
#..???..#
#.......#
#.......#
#.@.....#
#.......#
#.oo....#
#.o.....#
##.....##
#'''''#
##.....##
#.......#
#.......#


You could see 3 orc knights, an orc warrior (frenzied) and an orc (frenzied).

Vanquished Creatures
  Josephine (D:10)
  A hydra (D:8)
  The ghost of Scuka the Basher, a powerful GrFi of the Shining One (D:8)
  An orc knight (Bailey)
  3 hill giants (D:10)
  An ugly thing (D:11)
  Joseph (D:10)
  A centaur zombie (D:8)
  Grinder (D:4)
  A two-headed ogre (D:11)
  3 wraiths (D:10)
  A wyvern (D:11)
  A deep elf mage (D:11)
  Eustachio (D:5)
  A hippogriff (D:10)
  A deep elf fighter (D:9)
  Edmund (D:5)
  A water moccasin (D:9)
  2 black bears
  A wasp (D:9)
  A sky beast (D:8)
  A necrophage (D:11)
  11 orc warriors
  An eye of draining (D:10)
  2 ice beasts
  3 ogres
  A crocodile (D:9)
  4 centaurs
  3 phantoms
  Sigmund (D:7)
  5 giant frogs
  4 jellies
  A scorpion (D:7)
  10 wights
  An electric eel (D:9)
  A crimson imp (D:9)
  A wasp zombie (D:9)
  A gnoll shaman (D:9)
  A quasit (D:10)
  2 goliath beetles
  5 hounds
  6 orc priests
  A centaur skeleton (D:10)
  3 giant frog zombies
  2 iguanas
  13 orc wizards
  4 giant frog skeletons
  10 worker ants
  A killer bee zombie (D:9)
  Ijyb (D:7)
  A hound skeleton (D:11)
  6 gnolls (D:9)
  Robin (D:2)
  2 worker ant zombies
  2 river rats (D:9)
  14 adders
  4 shadow imps
  3 worms
  An adder skeleton (D:8)
  An adder zombie (D:5)
  6 oozes
  67 orcs
  27 bats
  6 giant cockroaches
  18 hobgoblins
  14 jackals
  16 kobolds
  3 quokkas
  A ball python (D:6)
  7 giant geckos
  13 giant newts
  A giant spore (D:9)
  2 gnoll zombies (D:3)
  22 goblins
  2 jackal skeletons (D:10)
  5 quokka skeletons
  21 rats
  A rat skeleton (D:10)
  4 ballistomycetes
397 creatures vanquished.

Vanquished Creatures (others)
  5 sheep (D:6)
  A bat (D:9)
  2 giant spores (D:7)
  A quokka zombie (D:4)
  A fungus (D:9)
10 creatures vanquished.

Grand Total: 407 creatures vanquished

Notes
Turn   | Place    | Note
--------------------------------------------------------------
     0 | D:1      | Yawgmoth, the Gargoyle Earth Elementalist, began the quest for the Orb.
     0 | D:1      | Reached XP level 1. HP: 10/10 MP: 3/3
   339 | D:1      | Reached skill level 4 in Earth Magic
   339 | D:1      | Reached XP level 2. HP: 15/15 MP: 2/4
  1089 | D:1      | Reached XP level 3. HP: 13/19 MP: 0/6
  2023 | D:2      | Noticed Robin
  2088 | D:2      | Reached XP level 4. HP: 24/24 MP: 6/8
  2149 | D:2      | Reached skill level 5 in Earth Magic
  2167 | D:2      | Killed Robin
  2463 | D:2      | Found a radiant altar of Vehumet.
  2469 | D:2      | Became a worshipper of Vehumet
  2833 | D:3      | Reached XP level 5. HP: 28/28 MP: 0/11
  3506 | D:3      | Acquired Vehumet's first power
  3506 | D:3      | Offered knowledge of Freeze by Vehumet.
  3509 | D:3      | Found a basalt altar of Yredelemnul.
  3857 | D:3      | Reached skill level 6 in Earth Magic
  3986 | D:3      | Reached XP level 6. HP: 28/32 MP: 9/13
  4206 | D:4      | Noticed Grinder
  4235 | D:4      | Killed Grinder
  4235 | D:4      | Reached skill level 7 in Earth Magic
  4235 | D:4      | Reached XP level 7. HP: 36/36 MP: 10/17
  4395 | D:4      | Reached skill level 5 in Spellcasting
  4606 | D:4      | Reached skill level 8 in Earth Magic
  4748 | D:4      | Found a staircase to the Ecumenical Temple.
  4894 | D:4      | Offered knowledge of Searing Ray by Vehumet.
  4894 | D:4      | Reached XP level 8. HP: 37/41 MP: 16/20
  5104 | D:4      | Learned a level 2 spell: Stoneskin
  5108 | D:4      | Learned a level 3 spell: Stone Arrow
  5114 | D:4      | Learned a level 5 spell: Lee's Rapid Deconstruction
  5116 | D:5      | Entered Level 5 of the Dungeon
  5200 | D:5      | Noticed Edmund
  5205 | D:5      | Killed Edmund
  5454 | D:5      | Reached skill level 9 in Earth Magic
  5459 | D:5      | Noticed Eustachio
  5460 | D:5      | Killed Eustachio
  5509 | D:5      | Got a steaming leather armour
  5529 | D:5      | Identified the cursed -5 leather armour "Titul" {Contam MP+9 Dex+4 Stlth+} (You found it on level 5 of the Dungeon)
  6212 | D:6      | Found a radiant altar of Vehumet.
  6455 | D:6      | Reached skill level 10 in Earth Magic
  6465 | D:6      | Offered knowledge of Conjure Flame by Vehumet.
  6465 | D:6      | Reached XP level 9. HP: 45/45 MP: 24/24
  6498 | D:6      | Found a shimmering altar of Xom.
  7101 | D:7      | Acquired Vehumet's second power
  7465 | D:7      | Noticed Ijyb
  7493 | D:7      | Killed Ijyb
  7593 | D:7      | Reached skill level 11 in Earth Magic
  7689 | D:7      | Offered knowledge of Static Discharge by Vehumet.
  7695 | D:7      | Learned a level 4 spell: Petrify
  7842 | D:7      | Noticed Sigmund
  7843 | D:7      | Killed Sigmund
  8422 | D:8      | Gained mutation: You have supernaturally acute eyesight. [mutagenic meat]
  8529 | D:8      | Noticed Scuka's ghost (powerful GrFi)
  8535 | D:8      | Noticed a six-headed hydra
  8543 | D:8      | Noticed a centaur zombie
  8674 | D:8      | Acquired Vehumet's third power
  8860 | D:8      | Reached XP level 10. HP: 50/50 MP: 27/27
  8978 | D:8      | Killed a centaur zombie
  8978 | D:8      | Offered knowledge of Bolt of Magma by Vehumet.
  8978 | D:8      | Reached skill level 12 in Earth Magic
  8985 | D:8      | Learned a level 5 spell: Bolt of Magma
  9033 | D:8      | Killed a six-headed hydra
  9214 | D:8      | Killed Scuka's ghost
  9214 | D:8      | Reached skill level 13 in Earth Magic
  9506 | D:8      | Found a white marble altar of Elyvilon.
  9508 | D:8      | Found an ancient bone altar of Kikubaaqudgha.
  9709 | D:9      | Reached skill level 10 in Spellcasting
 10293 | D:9      | Found a staircase to the Lair.
 10313 | D:9      | Offered knowledge of Poison Arrow by Vehumet.
 10664 | D:9      | Reached skill level 1 in Evocations
 11035 | D:9      | Found a snail-covered altar of Cheibriados.
 11154 | D:9      | Get Flying
 11368 | D:9      | Found a glowing silver altar of Zin.
 11433 | D:9      | Reached XP level 11. HP: 46/54 MP: 10/29
 11646 | D:10     | Entered Level 10 of the Dungeon
 11802 | D:10     | Noticed a hill giant
 11812 | D:10     | Killed a hill giant
 11812 | D:10     | Reached skill level 1 in Fighting
 12100 | D:10     | Noticed Josephine
 12274 | D:10     | Killed Josephine
 12274 | D:10     | Reached skill level 14 in Earth Magic
 12717 | D:10     | Noticed Joseph
 12724 | D:10     | Paralysed by Joseph for 5 turns
 12743 | D:10     | Killed Joseph
 13013 | D:10     | Noticed a hill giant
 13024 | D:10     | Killed a hill giant
 13533 | D:11     | Got a vibrating graven amulet
 13544 | D:11     | Noticed a hill giant
 13570 | D:10     | Killed a hill giant
 13691 | D:11     | Identified the amulet "Ingom" {Faith rC+} (You found it on level 11 of the Dungeon)
 13805 | D:11     | Found a flagged portal.
 13829 | D:11     | Reached skill level 5 in Fighting
 13892 | Bailey   | Entered a bailey
 14093 | Bailey   | Offered knowledge of Iskenderun's Battlesphere by Vehumet.
 14254 | Bailey   | Noticed an orc knight
 14274 | Bailey   | Noticed an orc knight
 14317 | Bailey   | Killed an orc knight
 14324 | Bailey   | HP: 1/64 [orc warrior/glaive (12)]
 14326 | Bailey   | Noticed an orc knight
 14327 | Bailey   | Noticed an orc knight
 14328 | Bailey   | Mangled by an orc knight

Action                   |  1- 3 |  4- 6 |  7- 9 | 10-12 || total
-------------------------+-------+-------+-------+-------++-------
Melee: Unarmed           |     5 |       |       |       ||     5
       Dagger            |     8 |     5 |       |       ||    13
       Hand axe          |    10 |   120 |       |       ||   130
       Long sword        |       |       |    52 |       ||    52
       Staff             |       |       |       |    30 ||    30
       Scimitar          |       |       |       |    12 ||    12
       Quarterstaff      |       |       |       |     5 ||     5
Throw: Tomahawk          |       |       |    10 |     4 ||    14
       Stone             |       |       |       |     2 ||     2
 Cast: Sandblast         |    48 |    77 |   141 |    49 ||   315
       Lee's Rapid Decon |       |       |    21 |    48 ||    69
       Stone Arrow       |       |       |    53 |   231 ||   284
       Stoneskin         |       |       |     7 |     6 ||    13
       Petrify           |       |       |     1 |    14 ||    15
  Use: Scroll            |       |     4 |     3 |    19 ||    26
       Potion            |       |       |       |     4 ||     4
 Stab: Sleeping          |       |     4 |       |       ||     4
       Petrified         |       |       |       |     1 ||     1
  Eat: Chunk             |     4 |     7 |    27 |    34 ||    72
